 Dungeon Crawl Stone Soup version 0.29.1-13-g9f3cf754e1 (webtiles) character file.

Game seed: 17549800665264634528

45 Arximoufas the Chopper (level 3, -1/27 HPs)
             Began as a Demonspawn Warper on Jan 26, 2023.
             Slain by an iguana (9 damage)
             ... on level 2 of the Dungeon.
             The game lasted 00:04:23 (2130 turns).

Arximoufas the Chopper (Demonspawn Warper)          Turns: 2130, Time: 00:04:24

Health: -1/27      AC:  6    Str: 11    XL:     3   Next: 42%
Magic:  6/6        EV: 10    Int: 16    God:
Gold:   95         SH:  0    Dex: 12    Spells: 6/6 levels left

rFire   . . .      SeeInvis .   a - +0 hand axe
rCold   + . .      Faith    .   (no shield)
rNeg    . . .      Spirit   .   l - +0 ring mail
rPois   .          Reflect  .   (no helmet)
rElec   .          Harm     .   p - +0 cloak
rCorr   .          Rampage  .   (no gloves)
Will    .....                   (no boots)
Stlth   +.........              (no amulet)
HPRegen 0.09/turn               b - ring of protection from cold
MPRegen 0.10/turn               (no ring)

@: no status effects
A: claws 1, ignite blood 1
a: no special abilities


You were on level 2 of the Dungeon.
You visited 1 branch of the dungeon, and saw 3 of its levels.

You collected 95 gold pieces.

Inventory:

Hand Weapons
 a - a +0 hand axe (weapon)
Missiles
 d - 7 boomerangs of dispersal (quivered)
Armour
 l - a +0 ring mail (worn)
 p - a +0 cloak (worn)
Jewellery
 b - a ring of protection from cold (left claw)
Scrolls
 c - 2 scrolls of blinking
 e - a scroll of immolation {unknown}
 j - a scroll of poison {unknown}
 n - a scroll of identify
Potions
 g - a potion of haste {unknown}
 h - a potion of invisibility {unknown}
 i - a potion of degeneration {unknown}
 k - a potion of curing {unknown}
 m - 2 potions of heal wounds {unknown}
 o - 2 potions of ambrosia {unknown}


   Skills:
 - Level 2.0 Fighting
 * Level 2.8 Axes
 - Level 0.8 Throwing
 + Level 2.0 Armour
 - Level 1.7 Dodging
 + Level 0.2 Stealth
 - Level 2.0 Spellcasting
 - Level 2.6 Translocations


You had 6 spell levels left.
You didn't know any spells.
Your spell library contained the following spells:

 Spells                   Type           Power      Damage    Failure   Level
 Blink                    Tloc           20%        N/A       24%         2
 Gell's Gravitas          Tloc           10%        N/A       43%         3
 Lesser Beckoning         Tloc           10%        N/A       43%         3
 Teleport Other           Tloc           10%        N/A       43%         3
 Ignite Poison            Fire/Tmut/Pois 1%         N/A       82%         3
 Mephitic Cloud           Conj/Pois/Air  1%         N/A       82%         3
 Manifold Assault         Tloc           10%        N/A       99%         5
 Freezing Cloud           Conj/Ice/Air   0%         6-21      100%        5


Dungeon Overview and Level Annotations

Branches:
Dungeon (3/15)

Altars:

Annotations:
D:3 Terence


Innate Abilities, Weirdness & Mutations

You have sharp fingernails.
Your demonic aura sometimes causes spilled blood to erupt in flames.


Message History

There is a stone staircase leading down here.
An adder and a ball python come into view.
The adder hisses angrily.
The ball python hisses angrily.
The ball python bites you but does no damage.
The ball python grabs you. The ball python constricts you.
You closely miss the ball python. Your claw misses the ball python.
The ball python bites you but does no damage.
The ball python constricts you.
You closely miss the ball python.
The ball python bites you but does no damage.
The ball python constricts you. The adder bites you.
The ball python misses you. The ball python constricts you.
You slash the ball python!
You kill the ball python!
You barely miss the adder. The adder bites you but does no damage.
You barely miss the adder. The adder closely misses you.
The adder barely misses you.
You closely miss the adder. The adder bites you but does no damage.
You hit the adder.
The adder is severely wounded.
The adder is engulfed in blazing flames.
You kill the adder!
You see here an adder corpse.
You start resting.
HP restored.
An iguana comes into view.
The iguana hisses angrily.
The iguana bites you.
You hit the iguana but do no damage. The iguana barely misses you.
You hit the iguana.
The iguana is lightly wounded.
The iguana bites you.
You hit the iguana but do no damage.
The iguana is lightly wounded.
The iguana bites you!
* * * LOW HITPOINT WARNING * * *
You hit the iguana.
The iguana is lightly wounded.
The iguana bites you!
You die...

..##### #.....#
......#...... ......#
#.....# ......# #####
......# #†..."##
......### ... ......#
#.......# ##.......# ###
......#
#.......####........# #..
......#
#...................# #.⌠
......#
#...................#.##.
......#
#.).................#....
#######
#......l@...........####.
#....>..####........####⌠
....... #......†...>..
#.##### #............. #
##.#+#.#...... #.#
#.#.##### ..# #.#.# .##
#.#+# .. ...


You could see an iguana.

Vanquished Creatures
  An adder (D:2)
  A dart slug (D:1)
  A ball python (D:2)
  A bat (D:3)
  3 endoplasms (D:1)
  6 giant cockroaches
  4 hobgoblins
  A frilled lizard (D:3)
  3 goblins
  3 kobolds
  9 rats
33 creatures vanquished.

Notes
Turn   | Place    | Note
-------+----------+-------------------------------------------
     0 | D:1      | Arximoufas the Demonspawn Warper began the quest for the
                  | Orb.
     0 | D:1      | Reached XP level 1. HP: 16/16 MP: 3/3
   242 | D:1      | Reached skill level 1 in Armour
   641 | D:1      | Gained mutation: Your demonic aura sometimes causes spilled
                  | blood to erupt in flames. [demonic ancestry]
   641 | D:1      | Reached XP level 2. HP: 22/22 MP: 5/5
  1686 | D:2      | Found a faded altar of an unknown god.
  1803 | D:2      | Gained mutation: You have sharp fingernails. [demonic
                  | ancestry]
  1803 | D:2      | Reached XP level 3. HP: 27/27 MP: 6/6
  1953 | D:2      | You fall into a shaft and drop 1 floor!
  2012 | D:3      | Noticed Terence
  2130 | D:2      | Slain by an iguana

Illustrated notes

Levels and vault maps discovered:
D:1:      dpeg_arrival_ratfight, layout_loops_ring
D:2:      kennysheep_the_goblin_king, layout_basic,
          hellmonk_ecumenical_altar_run_dry
D:3:      layout_basic, uniq_jessica, uniq_terence

Skill      XL: |  1  2  3 |
---------------+----------+-----
Axes           | 2 |  2.8
Armour         | 1 2 |  2.0
Fighting       | |  2.0
Throwing       | |  0.8
Dodging        | |  1.7
Stealth        | |  0.2
Spellcasting   | |  2.0
Translocations | |  2.6

Action                   || total
-------------------------++-------
Melee: Hand axe          ||   105
       Punch             ||     1
  Use: Scroll            ||     2
 Stab: Sleeping          ||     1
Armor: Leather armour    ||    13
       Ring mail         ||    26
Dodge: Dodged            ||    61
